 Dungeon Sprint DCSS version 0.19-b1-4-gd8a0a2a (webtiles) character file.

102 LORDOFBUTT the Covert (level 4, -2/22 HPs)
             Began as a Spriggan Assassin on Oct 31, 2016.
             Slain by a hippogriff (5 damage)
             ... in the Dungeon (Sprint II: "The Violet Keep of Menkaure").
             The game lasted 00:01:03 (274 turns).

LORDOFBUTT the Covert (Spriggan Assassin)            Turns: 274, Time: 00:01:04

Health: -2/22      AC:  3    Str:  7    XL:     4   Next: 49%
Magic:  5/5        EV: 17    Int: 12    God:
Gold:   243        SH:  0    Dex: 18    Spells: 0 memorised, 3 levels left

rFire  . . .     SeeInvis +     b - +0 blowgun
rCold  . . .     Gourm    .     c - +0 robe
rNeg   . . .     Faith    .     (shield restricted)
rPois  .         Spirit   .     (helmet restricted)
rElec  .         Reflect  .     d - +0 cloak
rCorr  .         Harm     .     (gloves unavailable)
MR     .....     NoTele   +     (boots unavailable)
Stlth  +++.......               (no amulet)
                                (no ring)
                                (no ring)

@: very quick
A: unfitting armour, see invisible, herbivore 3, speed 3, slow metabolism 2
a: no special abilities


You were in the Dungeon.
You were not hungry.

You visited 1 branch You collected 243 gold pieces.

Inventory:

Hand Weapons
 a - a +2 dagger
 b - a +0 blowgun (weapon)
Missiles
 e - 4 poisoned needles (quivered)
 f - 2 curare-tipped needles
Armour
 c - a +0 robe (worn)
 d - a +0 cloak (worn)
Scrolls
 m - a scroll of blinking
Potions
 j - a potion of haste
 k - 2 potions of magic
 l - a potion of berserk rage
Comestibles
 g - a bread ration


   Skills:
 - Level 1.5 Fighting
 - Level 2.1 Short Blades
 - Level 2.0 Throwing
 - Level 1.5 Dodging
 + Level 14.3 Stealth


You had 3 spell levels left.
You didn't know any spells.

Dungeon Overview and Level Annotations

Branches:
Dungeon (1/1)

Altars:

Shops:
D [(:=[!?[[!!


Innate Abilities, Weirdness & Mutations

You are very small and have problems with some larger weapons.
You are too small for most types of armour.
You have supernaturally acute eyesight. (SInv)
You are a herbivore.
You cover ground extremely quickly.
You need consume almost no food.


Message History

The flying skull gives a hideous shriek!
Really walk into a travel-excluded area? [Y]es or [N]o only, please.
Really walk into a travel-excluded area?
Okay, then.
Quiver which item? (- for none, * to show all) (? for menu, Esc to quit)
Okay, then.
Really attack while wielding your +0 blowgun? [Y]es or [N]o only, please.
Really attack while wielding your +0 blowgun? [Y]es or [N]o only, please.
Really attack while wielding your +0 blowgun?
You clumsily bash the hippogriff but do no damage.
The hippogriff is lightly wounded.
The hippogriff barely misses you. The hippogriff closely misses you.
The hippogriff claws you.
* * * LOW HITPOINT WARNING * * *
The hippogriff misses you. The hippogriff closely misses you. x2
The hippogriff completely misses you. The hippogriff pecks you.
You die...

.#≈≈ ∩#≈≈ ..# .#≈≈##
#..## .#≈##.# #+# .##..#
.#≈###.##.##.# #..#
.+≈'.##'(<('# +..###
.#≈#...##.##$# #....###.
##≈##.###†## .##§§....≈≈
##≈(####.#.####H@§§...≈#
##≈(≈#.†#††#≈≈H≈§§†..≈#
#+#≈###$###≈≈≈≈§§§≈.≈#
#≈≈##+##≈≈≈≈§≈≈≈≈≈≈#
##≈≈≈≈≈≈≈≈≈§§§§≈≈§≈#
#+++#+++#≈§≈§≈≈§≈≈#


.zzz. ##≈§≈###≈≈# ≈§.§§§≈§≈##≈≈# ≈# +...z≈§zz§§≈+§§# You could see 2
hippogriffs.

Vanquished Creatures
  4 worker ants (D)
  3 worms (D)
7 creatures vanquished.

Vanquished Creatures (others)
  Menkaure (D)
  A crocodile (D)
2 creatures vanquished.

Grand Total: 9 creatures vanquished

Notes
Turn   | Place    | Note
-------+----------+-------------------------------------------
     0 | D        | LORDOFBUTT the Spriggan Assassin began the quest for the Orb.
     0 | D        | Reached XP level 1. HP: 10/10 MP: 2/2
     4 | D        | Reached skill level 7 in Stealth
     5 | D        | Reached skill level 8 in Stealth
    16 | D        | Reached skill level 9 in Stealth
    16 | D        | Reached XP level 2. HP: 8/14 MP: 3/3
   100 | D        | Killed a crocodile
   139 | D        | Killed Menkaure
   153 | D        | Reached skill level 11 in Stealth
   153 | D        | Reached XP level 3. HP: 18/18 MP: 4/4
   165 | D        | Reached skill level 12 in Stealth
   168 | D        | Reached skill level 13 in Stealth
   168 | D        | Reached XP level 4. HP: 7/22 MP: 5/5
   192 | D        | Reached skill level 14 in Stealth
   243 | D        | Noticed a hippogriff
   243 | D        | Noticed a hippogriff
   254 | D        | Found Yhu Lea's Magic Scroll Emporium.
   254 | D        | Found Elihaiceyt's Antique Armour Emporium.
   254 | D        | Found Cunla's Jewellery Shoppe.
   254 | D        | Found Uleoph's Distillery.
   254 | D        | Found Geik's Distillery.
   254 | D        | Found Ceimeteubb's Armour Shoppe.
   254 | D        | Found Jeizudd's Distillery.
   255 | D        | Found Opevett's Antique Armour Emporium.
   255 | D        | Found Baolioxi's Book Shoppe.
   256 | D        | Found Ossebus's Antique Weapon Shoppe.
   256 | D        | Found Qoanank's Antique Armour Emporium.
   259 | D        | Noticed a flying skull
   265 | D        | Noticed a flying skull
   265 | D        | Noticed a flying skull
   265 | D        | Noticed a flying skull
   265 | D        | Noticed a flying skull
   265 | D        | Noticed a flying skull
   266 | D        | Noticed a flying skull
   266 | D        | Noticed a flying skull
   266 | D        | Noticed a flying skull
   266 | D        | Noticed a flying skull
   267 | D        | Noticed a flying skull
   267 | D        | Noticed a flying skull
   274 | D        | Slain by a hippogriff

Skill      XL: |  1  2  3  4 |
---------------+-------------+-----
Stealth        | 9 11 13 14 | 14.3
Fighting       | |  1.5
Short Blades   | |  2.1
Throwing       | |  2.0
Dodging        | |  1.5

Action                   |  1- 3 |  4- 6 || total
-------------------------+-------+-------++-------
Melee: Dagger            |    27 |    19 ||    46
       Blowgun           |       |     1 ||     1
 Fire: Blowgun           |       |     4 ||     4
  Use: Potion            |       |     2 ||     2
 Stab: Sleeping          |     4 |       ||     4
Armor: Robe              |     4 |     2 ||     6
Dodge: Dodged            |    21 |    21 ||    42
